 Dungeon Sprint DCSS version 0.26.1-11-gd32895ea62 (webtiles) character file.

Game seed: 16721020873511484231

431 Zeld the Carver (level 7, 0/50 HPs)
             Began as a Human Gladiator on June 8, 2021.
             Was an Initiate of the Shining One.
             Slain by a slime creature (14 damage)
             ... in the Dungeon (Sprint I: "Red Sonja").
             The game lasted 00:01:26 (1340 turns).

Zeld the Carver (Human Gladiator)                   Turns: 1340, Time: 00:01:27

Health: 0/50       AC:  4    Str: 17    XL:     7   Next: 19%
Magic:  7/7        EV: 13    Int:  8    God:    the Shining One [......]
Gold:   184        SH:  0    Dex: 14    Spells: 6/6 levels left

rFire    . . .     SeeInvis .   a - +0 long sword
rCold    . . .     Faith    .   (no shield)
rNeg     . . .     Spirit   .   b - +0 leather armour
rPois    .         Reflect  .   c - +0 helmet
rElec    .         Harm     .   (no cloak)
rCorr    .         Rampage  .   (no gloves)
Will     .....     NoTele   +   (no boots)
Stlth    +.........             (no amulet)
HPRegen  0.16/turn              (no ring)
MPRegen  0.10/turn              (no ring)

@: glowing
A: no striking features
a: Renounce Religion


You were in the Dungeon.
You worshipped the Shining One.
The Shining One was noncommittal.
You visited 1 branch You collected 304 gold pieces.
You spent 120 gold pieces at shops.

Inventory:

Hand Weapons
 a - a +0 long sword (weapon)
Armour
 b - a +0 leather armour (worn)
 c - a +0 helmet (worn)
Scrolls
 j - a scroll of blinking
Potions
 d - 3 potions of flight
 e - 2 potions of curing
 g - a potion of haste
 h - 2 potions of magic
 i - a potion of berserk rage


   Skills:
 * Level 2.0 Fighting
 - Level 14.0 Long Blades
 - Level 2.6 Throwing
 * Level 3.0 Dodging
 * Level 0.0 Invocations


You had 6 spell levels left.
You didn't know any spells.
Your spell library was empty.

Dungeon Overview and Level Annotations

Branches:
Dungeon (1/1)

Altars:
Cheibriados
Dithmenos
Elyvilon
Fedhas
Gozag
Hepliaklqana
Kikubaaqudgha
Makhleb
Nemelex Xobeh
Okawaru
Qazlal
Ru
Sif Muna
Trog
Uskayaw
Vehumet
Wu Jian
Xom
Yredelemnul
Zin
The Shining One
Jiyva
Lugonu

Shops:
D !


Message History

The slime creature is moderately wounded.
The slime creature misses you.
There is an open door here.
Things that are here:
a +0 dagger; a +0 scale mail
Okay, then.
There is an open door here.
Okay, then.
You hit the slime creature but do no damage.
The slime creature is lightly wounded.
You hit the slime creature but do no damage.
The slime creature is lightly wounded.
The slime creature closely misses you.
You barely miss the slime creature.
The slime creature is lightly wounded.
The slime creature closely misses you.
You barely miss the slime creature.
The slime creature is lightly wounded.
The slime creature hits you!
You die...

###################
#<.#.)').#..'..#__#
#..'..#..)..#..'..+
#..#####'#####'#__#
#.J####..#...#(# ##
#.@#__####..##.#
#..#_____##'#_.+
#⌠⌠#_.∩..†'..._#
####_..__##_.#'#
#_____###+#)#
####### ###


You could see a slime creature.

Vanquished Creatures
  Sigmund (D)
  A yak (D)
  An ogre (D)
  A jelly (D)
  Ijyb (D)
5 creatures vanquished.

Notes
Turn   | Place    | Note
-------+----------+-------------------------------------------
     0 | D        | Zeld the Human Gladiator began the quest for the Orb.
     0 | D        | Reached XP level 1. HP: 16/16 MP: 1/1
     2 | D        | Noticed Ijyb
    45 | D        | Killed Ijyb
    46 | D        | Reached skill level 6 in Long Blades
    46 | D        | Reached XP level 2. HP: 3/22 MP: 2/2
    46 | D        | Reached XP level 3. HP: 4/27 MP: 3/3
   416 | D        | Noticed an ogre
   421 | D        | Killed an ogre
   422 | D        | Reached skill level 9 in Long Blades
   422 | D        | Reached XP level 4. HP: 33/33 MP: 4/4
   422 | D        | Reached XP level 5. HP: 38/38 MP: 5/5
   693 | D        | Noticed Sigmund
   714 | D        | Killed Sigmund
   715 | D        | Reached skill level 12 in Long Blades
   715 | D        | Reached XP level 6. HP: 11/44 MP: 1/6
   957 | D        | Found an ornate altar of the Wu Jian Council.
   957 | D        | Found a shimmering blue altar of Sif Muna.
   962 | D        | Found a radiant altar of Vehumet.
  1093 | D        | Found Ceefodye's Distillery.
  1093 | D        | Found an ancient bone altar of Kikubaaqudgha.
  1093 | D        | Found a hazy altar of Hepliaklqana.
  1093 | D        | Found a stormy altar of Qazlal.
  1093 | D        | Found a hide-covered altar of Uskayaw.
  1093 | D        | Found a blossoming altar of Fedhas.
  1093 | D        | Found a bloodstained altar of Trog.
  1093 | D        | Found an iron altar of Okawaru.
  1093 | D        | Found a basalt altar of Yredelemnul.
  1093 | D        | Found a glowing golden altar of the Shining One.
  1093 | D        | Found a snail-covered altar of Cheibriados.
  1093 | D        | Found a sacrificial altar of Ru.
  1093 | D        | Found a glowing silver altar of Zin.
  1093 | D        | Found a shadowy altar of Dithmenos.
  1093 | D        | Found a white marble altar of Elyvilon.
  1093 | D        | Noticed a yak
  1095 | D        | Found an opulent altar of Gozag.
  1106 | D        | Killed a yak
  1107 | D        | Reached skill level 14 in Long Blades
  1107 | D        | Reached XP level 7. HP: 36/50 MP: 7/7
  1207 | D        | Found a sparkling altar of Nemelex Xobeh.
  1211 | D        | Bought a potion of curing for 30 gold pieces
  1211 | D        | Bought a potion of flight for 30 gold pieces
  1211 | D        | Bought a potion of flight for 30 gold pieces
  1211 | D        | Bought a potion of flight for 30 gold pieces
  1214 | D        | Became a worshipper of the Shining One
  1312 | D        | Found a viscous altar of Jiyva.
  1312 | D        | Found a corrupted altar of Lugonu.
  1312 | D        | Noticed a slime creature
  1313 | D        | Found a burning altar of Makhleb.
  1313 | D        | Found a shimmering altar of Xom.
  1340 | D        | Slain by a slime creature

Illustrated notes

Levels and vault maps discovered:
D:        dungeon_sprint_1 [red_sonja_temple_1, red_sonja_temple_small_1]

Skill      XL: |  1  2  3  4  5  6 |
---------------+-------------------+-----
Long Blades    | 6 9 12 14 | 14.0
Fighting       | |  2.0
Throwing       | |  2.6
Dodging        | |  3.0

Action                   |  1- 3 |  4- 6 |  7- 9 || total
-------------------------+-------+-------+-------++-------
Melee: Long sword        |    45 |    28 |    12 ||    85
Throw: Throwing net      |       |     4 |       ||     4
  Use: Potion            |       |       |     1 ||     1
 Stab: Held in net/web   |       |     4 |       ||     4
Armor: Leather armour    |    13 |     2 |       ||    15
Dodge: Dodged            |    28 |     3 |     3 ||    34
       Rpst.: Long sword |     6 |       |       ||     6
